TOP OF THE 1ST |
Cincinnati (NYP) Reds batting - Pitching for Hillsboro Hops : RHP Jose Rodas
|
Pitching: RHP Jose Rodas
|
|
Batting: RHB Will Trudeau
|
0-0: Ball 1-0: Foul Ball, location: 2F 1-1: Swinging Strike 1-2: Strikes out swinging
|
Batting: SHB Cesar Pelayo
|
0-0: Ball 1-0: Swinging Strike 1-1: Ball 2-1: Swinging Strike 2-2: Strikes out swinging
|
Batting: RHB Chris Christaldi
|
0-0: Fly out, F9 (Flyball, 89D, EV 103.1 MPH)
|
Top of the 1st over - 0 runs, 0 hits, 0 errors, 0 left on base; Cincinnati (NYP) 0 - Hillsboro 0 |
BOTTOM OF THE 1ST |
Hillsboro Hops batting - Pitching for Cincinnati (NYP) Reds : RHP Jim Bartlet
|
Pitching: RHP Jim Bartlet
|
|
Batting: RHB Dale Young
|
0-0: Fly out, F7 (Flyball, 78M, EV 86.9 MPH)
|
Batting: RHB Jonathan Underhill
|
0-0: Ball 1-0: Foul Ball, location: 2F 1-1: Foul Ball, location: 2F 1-2: Ball 2-2: Foul Ball, location: 2F 2-2: Ground out 5-3 (Groundball, 56S, EV 78.1 MPH)
|
Batting: RHB Nikita Schram
|
0-0: Called Strike 0-1: Ball 1-1: Called Strike 1-2: Foul Ball, location: 2F 1-2: Ball 2-2: Ball 3-2: Strikes out swinging
|
Bottom of the 1st over - 0 runs, 0 hits, 0 errors, 0 left on base; Cincinnati (NYP) 0 - Hillsboro 0 |
TOP OF THE 2ND |
Cincinnati (NYP) Reds batting - Pitching for Hillsboro Hops : RHP Jose Rodas
|
Batting: RHB Nick Moreno
|
0-0: Called Strike 0-1: Called Strike 0-2: Strikes out swinging
|
Batting: LHB Josh Slusarczyk
|
0-0: Called Strike 0-1: Ball 1-1: Foul Ball, location: 2F 1-2: Strikes out swinging
|
Batting: RHB Alex de Leon
|
0-0: Ball 1-0: Fly out, F4 (Popup, 23, EV 86.9 MPH)
|
Top of the 2nd over - 0 runs, 0 hits, 0 errors, 0 left on base; Cincinnati (NYP) 0 - Hillsboro 0 |
BOTTOM OF THE 2ND |
Hillsboro Hops batting - Pitching for Cincinnati (NYP) Reds : RHP Jim Bartlet
|
Batting: SHB Johnny Diaz
|
0-0: Ball 1-0: Ball 2-0: Ball 3-0: Foul Ball, location: 2F 3-1: Ground out 4-3 (Groundball, 4, EV 91.9 MPH)
|
Batting: RHB T.J. Jordan
|
0-0: Called Strike 0-1: Foul Ball, location: 2F 0-2: Ball 1-2: Ball 2-2: Ground out 6-3 (Groundball, 6, EV 87.5 MPH)
|
Batting: RHB Mike Dodson
|
0-0: Ball 1-0: Ball 2-0: DOUBLE (Groundball, 5L, EV 105.0 MPH)
|
Batting: RHB Mike Swift
|
0-0: Ball 1-0: SINGLE (Groundball, 6, EV 98.8 MPH) Mike Dodson to third Runner from 3rd tries for Home, throw by LF and OUT! 7-2
|
Bottom of the 2nd over - 0 runs, 2 hits, 0 errors, 1 left on base; Cincinnati (NYP) 0 - Hillsboro 0 |
TOP OF THE 3RD |
Cincinnati (NYP) Reds batting - Pitching for Hillsboro Hops : RHP Jose Rodas
|
Batting: RHB Yutaka Sato
|
0-0: Foul Ball, location: 2F 0-1: Ball 1-1: Ball 2-1: Ball 3-1: Base on Balls
|
Batting: LHB Brandon Sarni
|
0-0: Swinging Strike 0-1: Swinging Strike 0-2: Ball 1-2: Strikes out swinging
|
Batting: RHB Emanuel Estrada
|
0-0: Swinging Strike 0-1: Ball 1-1: Called Strike 1-2: Strikes out swinging
|
Batting: RHB Will Trudeau
|
0-0: Swinging Strike 0-1: Ball Yutaka Sato is caught stealing 2nd base 2-4
|
Top of the 3rd over - 0 runs, 0 hits, 0 errors, 0 left on base; Cincinnati (NYP) 0 - Hillsboro 0 |
BOTTOM OF THE 3RD |
Hillsboro Hops batting - Pitching for Cincinnati (NYP) Reds : RHP Jim Bartlet
|
Batting: LHB Ron Mills
|
0-0: Ball 1-0: Called Strike 1-1: Ball 2-1: Ground out U3 (Groundball, 34S, EV 78.8 MPH)
|
Batting: RHB Devon Fourcade
|
0-0: Ball 1-0: Ball 2-0: SINGLE (Line Drive, 8RS, EV 102.5 MPH)
|
Batting: RHB Dale Young
|
0-0: Ball Wild Pitch! Devon Fourcade to second 1-0: Ball 2-0: Called Strike 2-1: Ground out 6-3 (Groundball, 6M, EV 100.6 MPH) Devon Fourcade to third
|
Batting: RHB Jonathan Underhill
|
0-0: Ball 1-0: Foul Ball, location: 2F 1-1: Ball 2-1: Ground out U3 (Groundball, 13, EV 81.9 MPH)
|
Bottom of the 3rd over - 0 runs, 1 hit, 0 errors, 1 left on base; Cincinnati (NYP) 0 - Hillsboro 0 |
TOP OF THE 4TH |
Cincinnati (NYP) Reds batting - Pitching for Hillsboro Hops : RHP Jose Rodas
|
Batting: RHB Will Trudeau
|
0-0: Ball 1-0: Ball 2-0: Ball 3-0: Called Strike 3-1: Called Strike 3-2: Foul Ball, location: 2F 3-2: Foul Ball, location: 2F 3-2: Strikes out swinging
|
Batting: SHB Cesar Pelayo
|
0-0: Called Strike 0-1: Ball 1-1: Ball 2-1: Ball 3-1: Foul Ball, location: 2F 3-2: Base on Balls
|
Batting: RHB Chris Christaldi
|
0-0: Called Strike 0-1: Fly out, F8 (Flyball, 8RM, EV 80.6 MPH)
|
Batting: RHB Nick Moreno
|
0-0: 2-RUN HOME RUN (Flyball, 89XD, EV 115.6 MPH), Distance : 464 ft
|
Batting: LHB Josh Slusarczyk
|
0-0: Called Strike 0-1: Ball 1-1: Foul Ball, location: 2F 1-2: Ball 2-2: Foul Ball, location: 2F 2-2: Strikes out swinging, 2-3 out at first.
|
Top of the 4th over - 2 runs, 1 hit, 0 errors, 0 left on base; Cincinnati (NYP) 2 - Hillsboro 0 |
BOTTOM OF THE 4TH |
Hillsboro Hops batting - Pitching for Cincinnati (NYP) Reds : RHP Jim Bartlet
|
Batting: RHB Nikita Schram
|
0-0: SINGLE (Groundball, 56S, EV 68.8 MPH) (infield hit)
|
Batting: SHB Johnny Diaz
|
0-0: Called Strike Nikita Schram steals 2nd base (no throw) 0-1: Ground out 4-3 (Groundball, 4, EV 82.5 MPH) Nikita Schram to third
|
Batting: RHB T.J. Jordan
|
0-0: Swinging Strike 0-1: Swinging Strike 0-2: Foul Ball, location: 2F 0-2: Ball 1-2: Ball 2-2: Foul Ball, location: 2F 2-2: Ball 3-2: Base on Balls
|
Batting: RHB Mike Dodson
|
0-0: Called Strike 0-1: Ball 1-1: Called Strike 1-2: Ball 2-2: Ball 3-2: Base on Balls T.J. Jordan to second
|
Batting: RHB Mike Swift
|
0-0: Swinging Strike 0-1: Swinging Strike 0-2: Foul Ball, location: 2F 0-2: Fly out, F9 (Flyball, 89S, EV 96.2 MPH)
|
Batting: LHB Ron Mills
|
0-0: Called Strike 0-1: Swinging Strike 0-2: GRAND SLAM HOME RUN (Flyball, 89XD, EV 115.0 MPH), Distance : 448 ft
|
Batting: RHB Devon Fourcade
|
0-0: Ball 1-0: Fly out, F8 (Flyball, 89M, EV 93.1 MPH)
|
Bottom of the 4th over - 4 runs, 2 hits, 0 errors, 0 left on base; Cincinnati (NYP) 2 - Hillsboro 4 |
TOP OF THE 5TH |
Cincinnati (NYP) Reds batting - Pitching for Hillsboro Hops : RHP Jose Rodas
|
Batting: RHB Alex de Leon
|
0-0: Called Strike 0-1: Called Strike 0-2: Foul Ball, location: 2F 0-2: Reached on error, E6 (Groundball, 4MS, EV 85.6 MPH)
|
Batting: RHB Yutaka Sato
|
0-0: Foul Ball, location: 2F 0-1: Foul Ball, location: 2F 0-2: Ball 1-2: Strikes out swinging
|
Batting: LHB Brandon Sarni
|
0-0: Ball 1-0: Called Strike 1-1: Called Strike 1-2: SINGLE (Line Drive, 78S, EV 109.4 MPH) Alex de Leon to third Runner from 3rd tries for Home, SAFE, throw by LF to home
|
Batting: RHB Emanuel Estrada
|
0-0: Called Strike 0-1: Called Strike 0-2: Ball 1-2: Foul Ball, location: 2F 1-2: Ball 2-2: Ball 3-2: Strikes out swinging Brandon Sarni is caught stealing 2nd base 2-4 Batter strikes out.
|
Top of the 5th over - 1 run, 1 hit, 1 error, 0 left on base; Cincinnati (NYP) 3 - Hillsboro 4 |
BOTTOM OF THE 5TH |
Hillsboro Hops batting - Pitching for Cincinnati (NYP) Reds : RHP Jim Bartlet
|
Batting: RHB Dale Young
|
0-0: Ball 1-0: Ball 2-0: Fly out, F8 (Flyball, 8LM, EV 85.6 MPH)
|
Batting: RHB Jonathan Underhill
|
0-0: Ball 1-0: Foul Ball, location: 2F 1-1: SINGLE (Groundball, 25, EV 75.0 MPH) (infield hit)
|
Pitching: RHP Eudaldo Cuyco
|
|
Batting: RHB Nikita Schram
|
Balk! Jonathan Underhill to second 0-0: Ball 1-0: Foul Ball, location: 2F 1-1: Swinging Strike 1-2: Foul Ball, location: 2F 1-2: Ball 2-2: Foul Ball, location: 2F 2-2: Ground out 6-3 (Groundball, 6S, EV 82.5 MPH) Jonathan Underhill to third
|
Batting: SHB Johnny Diaz
|
0-0: DOUBLE (Line Drive, 5D, EV 97.5 MPH) Jonathan Underhill scores
|
Batting: RHB T.J. Jordan
|
0-0: Ball 1-0: Ground out 2-3 (Groundball, 15S, EV 66.9 MPH)
|
Bottom of the 5th over - 1 run, 2 hits, 0 errors, 1 left on base; Cincinnati (NYP) 3 - Hillsboro 5 |
TOP OF THE 6TH |
Cincinnati (NYP) Reds batting - Pitching for Hillsboro Hops : RHP Jose Rodas
|
Batting: RHB Will Trudeau
|
0-0: Ball 1-0: Called Strike 1-1: Called Strike 1-2: Foul Ball, location: 2F 1-2: Strikes out swinging
|
Batting: SHB Cesar Pelayo
|
0-0: Ball 1-0: Ball 2-0: Foul Ball, location: 2F 2-1: Ball 3-1: Base on Balls
|
Batting: RHB Chris Christaldi
|
0-0: Fielders Choice at 2nd, 6-4 (Groundball, 6, EV 77.5 MPH)
|
Batting: RHB Nick Moreno
|
0-0: Ball 1-0: Foul Ball, location: 2F 1-1: Ball 2-1: Called Strike 2-2: Foul Ball, location: 2F 2-2: Strikes out swinging
|
Top of the 6th over - 0 runs, 0 hits, 0 errors, 1 left on base; Cincinnati (NYP) 3 - Hillsboro 5 |
BOTTOM OF THE 6TH |
Hillsboro Hops batting - Pitching for Cincinnati (NYP) Reds : RHP Eudaldo Cuyco
|
Batting: RHB Mike Dodson
|
0-0: Foul Ball, location: 2F 0-1: Ball 1-1: Called Strike 1-2: Ball 2-2: Strikes out swinging
|
Batting: RHB Mike Swift
|
0-0: Ball 1-0: Foul Ball, location: 2F 1-1: Foul Ball, location: 2F 1-2: Ground out 6-3 (Groundball, 56, EV 82.5 MPH)
|
Batting: LHB Ron Mills
|
0-0: Ball 1-0: Foul Ball, location: 2F 1-1: Ball 2-1: Swinging Strike 2-2: Strikes out swinging
|
Bottom of the 6th over - 0 runs, 0 hits, 0 errors, 0 left on base; Cincinnati (NYP) 3 - Hillsboro 5 |
TOP OF THE 7TH |
Cincinnati (NYP) Reds batting - Pitching for Hillsboro Hops : RHP Jose Rodas
|
Batting: LHB Josh Slusarczyk
|
0-0: Ball 1-0: Ball 2-0: Ball 3-0: Base on Balls
|
Batting: RHB Alex de Leon
|
0-0: Bunted foul 0-1: Bunted foul 0-2: Ball 1-2: Foul Ball, location: 2F 1-2: Fly out, F8 (Flyball, 8RD, EV 76.2 MPH)
|
Pitching: LHP Sam Davis
|
|
Batting: RHB Yutaka Sato
|
0-0: Ball 1-0: Fly out, F9 (Flyball, 9LM, EV 96.2 MPH)
|
Pinch Hitting: RHB Chris Zamora
|
0-0: Ball 1-0: Swinging Strike 1-1: Foul Ball, location: 2F 1-2: Ball 2-2: Foul Ball, location: 2F 2-2: Foul Ball, location: 2F 2-2: Fly out, F7 (Flyball, 8LM, EV 88.1 MPH)
|
Top of the 7th over - 0 runs, 0 hits, 0 errors, 1 left on base; Cincinnati (NYP) 3 - Hillsboro 5 |
BOTTOM OF THE 7TH |
Hillsboro Hops batting - Pitching for Cincinnati (NYP) Reds : RHP Eudaldo Cuyco
|
Now at 2B: Josh Slusarczyk
|
|
Now at 3B: Chris Zamora
|
|
Batting: RHB Devon Fourcade
|
0-0: Swinging Strike 0-1: Ball 1-1: Swinging Strike 1-2: Ball 2-2: Ball 3-2: Base on Balls
|
Batting: RHB Dale Young
|
0-0: Called Strike 0-1: Ball 1-1: Foul Ball, location: 2F 1-2: Strikes out swinging
|
Batting: RHB Jonathan Underhill
|
0-0: Ball 1-0: Ball 2-0: Called Strike 2-1: Called Strike 2-2: Ball 3-2: Foul Ball, location: 2F 3-2: Base on Balls Devon Fourcade to second
|
Pitching: LHP Andres Lobato
|
|
Batting: RHB Nikita Schram
|
0-0: Ball 1-0: Ball 2-0: Called Strike 2-1: SINGLE (Groundball, 6MD, EV 99.4 MPH) Devon Fourcade to third Jonathan Underhill to second Runner from 3rd tries for Home, SAFE, throw by CF to home
|
Batting: SHB Johnny Diaz
|
0-0: DOUBLE (Flyball, 9LD, EV 113.8 MPH) Jonathan Underhill scores Nikita Schram to third
|
Batting: RHB T.J. Jordan
|
0-0: Called Strike 0-1: SINGLE (Groundball, 6MD, EV 95.0 MPH) Nikita Schram scores Johnny Diaz to third Runner from 3rd tries for Home, SAFE, throw by CF to home
|
Batting: RHB Mike Dodson
|
0-0: Ball 1-0: Ball 2-0: Ball 3-0: Base on Balls T.J. Jordan to second
|
Batting: RHB Mike Swift
|
0-0: Called Strike 0-1: Ball 1-1: Foul Ball, location: 2F 1-2: Strikes out swinging
|
Batting: LHB Ron Mills
|
0-0: Ball 1-0: Ball 2-0: Ball 3-0: Called Strike 3-1: Called Strike 3-2: Strikes out looking
|
Bottom of the 7th over - 4 runs, 3 hits, 0 errors, 2 left on base; Cincinnati (NYP) 3 - Hillsboro 9 |
TOP OF THE 8TH |
Cincinnati (NYP) Reds batting - Pitching for Hillsboro Hops : LHP Sam Davis
|
Batting: RHB Emanuel Estrada
|
0-0: Ball 1-0: Ball 2-0: Ball 3-0: Base on Balls
|
Batting: RHB Will Trudeau
|
0-0: Swinging Strike 0-1: Swinging Strike 0-2: Strikes out swinging
|
Batting: SHB Cesar Pelayo
|
0-0: Called Strike 0-1: Ball 1-1: Foul Ball, location: 2F 1-2: SINGLE (Groundball, 4MD, EV 108.1 MPH) Emanuel Estrada to second Runner from 2nd tries for 3rd, OUT! 8-5 Cesar Pelayo to second
|
Batting: RHB Chris Christaldi
|
0-0: Called Strike 0-1: Called Strike 0-2: Strikes out looking
|
Top of the 8th over - 0 runs, 1 hit, 0 errors, 1 left on base; Cincinnati (NYP) 3 - Hillsboro 9 |
BOTTOM OF THE 8TH |
Hillsboro Hops batting - Pitching for Cincinnati (NYP) Reds : LHP Andres Lobato
|
Batting: RHB Devon Fourcade
|
0-0: Swinging Strike 0-1: Ball 1-1: Ball 2-1: Ground out U3 (Groundball, 34S, EV 82.5 MPH)
|
Pitching: RHP Gabe Gutierrez
|
|
Batting: RHB Dale Young
|
0-0: Called Strike 0-1: Foul Ball, location: 2F 0-2: Ball 1-2: Foul Ball, location: 2F 1-2: Strikes out swinging
|
Batting: RHB Jonathan Underhill
|
0-0: Ball 1-0: SINGLE (Groundball, 56, EV 105.0 MPH) (infield hit)
|
Batting: RHB Nikita Schram
|
0-0: Ball 1-0: Called Strike 1-1: Ball 2-1: Ball 3-1: Base on Balls Jonathan Underhill to second
|
Batting: SHB Johnny Diaz
|
0-0: Foul Ball, location: 2F 0-1: Ball 1-1: Foul Ball, location: 2F 1-2: Ball 2-2: Ball 3-2: Ground out U3 (Groundball, 34, EV 91.2 MPH)
|
Bottom of the 8th over - 0 runs, 1 hit, 0 errors, 2 left on base; Cincinnati (NYP) 3 - Hillsboro 9 |
TOP OF THE 9TH |
Cincinnati (NYP) Reds batting - Pitching for Hillsboro Hops : LHP Sam Davis
|
Batting: RHB Nick Moreno
|
0-0: Ball 1-0: Called Strike 1-1: Ball 2-1: Ball 3-1: Base on Balls
|
Pinch Hitting: RHB Andy Bachman
|
0-0: Called Strike 0-1: Called Strike 0-2: Strikes out swinging
|
Batting: RHB Alex de Leon
|
0-0: Swinging Strike 0-1: Ball 1-1: Hit by Pitch Nick Moreno to second
|
Batting: RHB Yutaka Sato
|
0-0: Ball 1-0: Called Strike 1-1: Foul Ball, location: 2F 1-2: Strikes out swinging
|
Batting: RHB Chris Zamora
|
0-0: Called Strike 0-1: Foul Ball, location: 2F 0-2: Foul Ball, location: 2F 0-2: Foul Ball, location: 2F 0-2: Ball 1-2: Ball 2-2: Fly out, F9 (Flyball, 9, EV 80.0 MPH)
|
Top of the 9th over - 0 runs, 0 hits, 0 errors, 2 left on base; Cincinnati (NYP) 3 - Hillsboro 9 |
|